 Dungeon Crawl Stone Soup version 0.31-a0-672-g7da72447bb (webtiles) character file.

Game seed: 10250458731293741550

2432 rvierbuc the Conjurer (level 9, 0/54 (62) HPs)
             Began as a Black Draconian Conjurer on Sept 4, 2023.
             Was an Initiate of Gozag.
             Killed from afar by a white imp (8 damage)
             ... with a puff of frost
             ... on level 7 of the Dungeon.
             The game lasted 00:26:56 (8047 turns).

rvierbuc the Conjurer (Black Draconian Conjurer)    Turns: 8047, Time: 00:26:57

HP:   0/54 (62)     AC: 10    Str:  9    XL:     9   Next: 24%
MP:   12/18         EV: 13    Int: 23    God:    Gozag
Gold: 317           SH:  0    Dex: 10    Spells: 13/20 levels left

rFire   . . .        e - staff of air
rCold   . . .        (no shield)
rNeg    . . .        (body armour unavailable)
rPois   .            (helmet restricted)
rElec   +            t - +0 cloak
rCorr   .            B - +0 pair of gloves
SInv    .            j - +0 pair of boots
Will    .....        (no amulet)
Stlth   +++          (no ring)
HPRegen 0.29/turn    (no ring)
MPRegen 0.16/turn

%: no passive effects
@: short of breath, heavily drained
A: breathe lightning, AC +7, unfitting armour, electricity resistance,
cold-blooded
a: Breathe Lightning, Renounce Religion, Potion Petition, Call Merchant, Bribe
Branch


You were on level 7 of the Dungeon.
You worshipped Gozag.
Gozag was aware of your devotion.
You visited 2 branches of the dungeon, and saw 8 of its levels.

You collected 378 gold pieces.
You paid 61 gold pieces to Gozag.

Inventory:

Hand Weapons
 o - a +2 antimagic dagger
 y - a +2 orcbow of electrocution
 D - a +0 battleaxe
 I - a +1 whip of flaming
Missiles
 k - 14 poisoned darts
Armour
 j - a +0 pair of boots (worn)
 t - a +0 cloak (worn)
 A - a scarf of harm
 B - a +0 pair of gloves (worn)
Magical Staves
 e - a staff of air (weapon)
Jewellery
 w - a ring of poison resistance
Talismans
 r - a serpent talisman
 x - a flux talisman
Wands
 v - a wand of paralysis (12)
 C - a wand of polymorph (9)
Scrolls
 c - a scroll of silence {unknown}
 f - 4 scrolls of noise {unknown}
 h - a scroll of enchant armour {unknown}
 i - a scroll of enchant weapon {unknown}
 m - a scroll of summoning {unknown}
 n - a scroll of brand weapon {unknown}
 p - 2 scrolls of identify {unknown}
 s - a scroll of fear {unknown}
 u - 3 scrolls of teleportation {unknown}
 z - a scroll of poison {unknown}
 F - a scroll of vulnerability {unknown}
 H - a scroll of amnesia {unknown}
Potions
 a - 2 potions of magic
 b - a potion of lignification {unknown}
 d - a potion of enlightenment {unknown}
 g - 3 potions of mutation {unknown}
 l - 3 potions of curing {unknown}
 q - a potion of resistance {unknown}
 E - 2 potions of degeneration {unknown}
 G - a potion of haste {unknown}
 J - a potion of brilliance {unknown}


   Skills:
 + Level 5.9 Dodging
 + Level 6.4 Stealth
 + Level 6.0 Spellcasting
 + Level 7.4 Conjurations


You had 13 spell levels left.
You knew the following spells:

 Your Spells              Type           Power      Damage    Failure   Level
a - Magic Dart            Conj           100%       1d8       1%          1
b - Searing Ray           Conj           82%        2d7       1%          2
c - Fulminant Prism       Conj/Hex       12%        3d8       19%         4

Your spell library contained the following spells:

 Spells                   Type           Power      Damage    Failure   Level
 Dazzling Flash           Conj/Hex       48%        N/A       5%          3
 Necrotise                Necr           24%        1d5       9%          1
 Iskenderun's Mystic Bla  Conj/Tloc      24%        2d7       19%         4
 Vampiric Draining        Necr           6%         2d6       26%         3
 Agony                    Necr           6%         N/A       93%         5


Dungeon Overview and Level Annotations

Branches:
Dungeon (7/15)             Temple (1/1) D:5

Altars:
Ashenzari
Cheibriados
Dithmenos
Elyvilon
Gozag
Hepliaklqana
Makhleb
Nemelex Xobeh
Ru
Sif Muna
Trog
Wu Jian
Xom
Yredelemnul
Zin
The Shining One

Shops:
D:1 [   D:2 :

Annotations:
D:5 1 runed translucent door, 0gre's ghost, novice DsFi
D:7 Joseph


Innate Abilities, Weirdness & Mutations

You can breathe wild blasts of lightning.
Your glossy black scales are hard. (AC +7)
You cannot fit into any form of body armour.
You are resistant to electric shocks. (rElec)
You are cold-blooded and may be slowed by cold attacks.


Message History

The magic dart hits Joseph.
Joseph is lightly wounded.
Joseph zaps a wand.
You easily resist.
Casting: Magic Dart (safe; 1% risk of failure)
Confirm with . or Enter, or press ? or * to list all spells.
Okay, then.
Activating: Breathe Lightning (4% risk of failure)
Press: ? - help, Dir - look around, f - activate You breathe a wild blast of lightning!
The bolt of lightning misses you.
The orb of electricity explodes!
The orb of electricity engulfs you but does no damage.
You resist.
The orb of electricity explodes!
The orb of electricity engulfs you! You resist.
Something shouts, "Beg for mercy, thou peeagling tip-merry nothing!"
Unknown command.
Joseph shoots a sling bullet.
The sling bullet closely misses you.
A white imp comes into view.
Joseph zaps a wand.
You easily resist.
Casting: Magic Dart (safe; 1% risk of failure)
Confirm with . or Enter, or press ? or * to list all spells.
Aiming: Searing Ray (safe; 1% risk of failure)
Press: ? - help, Shift-Dir - straight line, f - Joseph
Aim: Joseph, wielding a +0 sling of draining, wearing a +2 leather armour of poison resistance and carrying a wand of paralysis (lightly wounded, 82% to hit)
The searing ray hits Joseph!
Joseph is moderately wounded. (Press . to maintain the ray.) Joseph shoots a sling bullet.
The sling bullet hits you!
You feel drained.
The searing ray hits Joseph.
Joseph is moderately wounded.
Joseph shoots a sling bullet.
The sling bullet hits you.
You feel drained.
The searing ray hits Joseph!
Joseph is moderately wounded.
Joseph shoots a sling bullet.
The sling bullet hits you!
* * * LOW HITPOINT WARNING * * *
You feel drained.
* * * LOW HITPOINT WARNING * * *
The white imp gestures at you. The puff of frost hits you!
You die...
Your body crumbles into a pile of gold.

#...#.# ######.#..## #.##
###.#.# ####......#.#####
#..# #...#
###....##.........# ##.#
##..###...#####.........# #.#
##.##..### #.........# ###.#
#....##### #.......>.# #....
#........####.........###....
#..#####.............[.......
#..####.....@...@.....###....
##..##...#####...5.....#
#.... ####...#..###
#########.###.... ..[..#...##
............... .######'##
#######..###### ......#_#
##.## ......### #..#####
..#.....# ##......
....##..#### #######


You could see Joseph and a white imp.

Vanquished Creatures
  Pikel (D:7)
  3 yaks (D:5)
  2 water moccasins
  A sky beast (D:4)
  An ogre (D:7)
  A centaur (D:5)
  4 lemures (D:7)
  A phantom (D:6)
  A bullfrog (D:7)
  Blork the orc (D:4)
  2 scorpions
  A howler monkey (D:3)
  3 hounds (D:5)
  2 jellies
  2 orc priests
  Jessica (D:2)
  2 sleepcaps
  3 iguanas
  5 orc wizards
  2 gnolls (D:3)
  10 adders
  2 shadow imps (D:7)
  A white imp (D:5)
  An ufetubus (D:4)
  3 dart slugs (D:1)
  14 orcs
  8 bats
  7 endoplasms
  2 giant cockroaches
  6 goblins
  6 hobgoblins
  4 jackals
  4 kobolds
  5 quokkas
  7 ball pythons
  8 frilled lizards
  4 rats
131 creatures vanquished.

Notes
Turn   | Place    | Note
-------+----------+-------------------------------------------
     0 | D:1      | rvierbuc the Draconian Conjurer began the quest for the
                  | Orb.
     0 | D:1      | Reached XP level 1. HP: 14/14 MP: 3/3
   206 | D:1      | Found a faded altar of an unknown god.
   242 | D:1      | Reached XP level 2. HP: 20/20 MP: 3/5
   783 | D:1      | Learned a level 2 spell: Searing Ray
   989 | D:1      | Reached XP level 3. HP: 26/26 MP: 1/6
  1064 | D:1      | Found Setuanne's Antique Armour Emporium.
  1404 | D:2      | Noticed Jessica
  1408 | D:2      | Killed Jessica
  1470 | D:2      | Found Wecziuv's Book Emporium.
  1587 | D:2      | Found a broken altar of Ashenzari.
  1621 | D:2      | Reached XP level 4. HP: 31/33 MP: 4/7
  2459 | D:3      | Reached XP level 5. HP: 38/38 MP: 4/9
  2465 | D:3      | Learned a level 4 spell: Fulminant Prism
  2678 | D:3      | Found an ornate altar of the Wu Jian Council.
  3699 | D:3      | Reached skill level 5 in Conjurations
  3792 | D:3      | Reached XP level 6. HP: 39/45 MP: 5/10
  4023 | D:4      | Noticed a sky beast
  4078 | D:4      | Killed a sky beast
  4081 | D:4      | Found a glowing silver altar of Zin.
  4398 | D:4      | Noticed Blork the orc
  4408 | D:4      | Killed Blork the orc
  4409 | D:4      | Your scales start taking on a glossy black colour.
  4409 | D:4      | Reached XP level 7. HP: 45/50 MP: 3/12
  4409 | D:4      | Gained mutation: You are resistant to electric shocks.
                  | (rElec) [Black Draconian growth]
  4698 | D:5      | Entered Level 5 of the Dungeon
  5249 | D:5      | Found a staircase to the Ecumenical Temple.
  5388 | D:5      | Found a runed translucent door.
  5394 | D:5      | Noticed 0gre's ghost (novice DsFi)
  5527 | D:5      | Reached skill level 6 in Conjurations
  5586 | D:5      | Noticed a yak
  5586 | D:5      | Noticed a yak
  5586 | D:5      | Noticed a yak
  5604 | D:5      | Killed a yak
  5605 | D:5      | Reached skill level 5 in Stealth
  5605 | D:5      | Reached XP level 8. HP: 48/57 MP: 3/15
  5608 | D:5      | Reached skill level 5 in Dodging
  5608 | D:5      | Reached skill level 5 in Spellcasting
  6190 | Temple   | Entered the Ecumenical Temple
  6324 | Temple   | Became a worshipper of Gozag Ym Sagoz the Greedy
  7235 | D:7      | Reached skill level 7 in Conjurations
  7489 | D:7      | Noticed Pikel
  7629 | D:7      | Paralysed by Pikel for 5 turns
  7636 | D:7      | Killed Pikel
  7637 | D:7      | Reached XP level 9. HP: 52/62 MP: 0/17
  7806 | D:7      | Found a shadowy altar of Dithmenos.
  8038 | D:7      | Noticed Joseph
  8047 | D:7      | Killed from afar by a white imp

Illustrated notes

Levels and vault maps discovered:
D:1:      shiori_arrival_elements, layout_basic,
          dreamdust_ecumenical_altar_statues, serial_shops,
          nicolae_shop_temple_entry_statues_fountains
D:2:      layout_basic, serial_shops, shop, basic_altar, uniq_jessica
D:3:      layout_loops_corners, general_overflow_altar, st_stairs_11,
          minivault_27, chequers_jeans, grunt_decor_junction,
          grunt_decor_clamped, grunt_ministairs_11
D:4:      layout_cave_pools, mainiacjoe_overflow_concentric_impassable,
          item_on_display_a, uniq_blork_the_orc
D:5:      layout_basic, lemuel_temple_firewalk_a, ebering_ghost_reflecting_pool
D:6:      layout_loops_ring
D:7:      layout_rooms, kennysheep_mini, uniq_joseph, uniq_pikel
Temple:   oiseaux_autumnal_temple

Skill      XL: |  1  2  3  4  5  6  7  8  9 |
---------------+----------------------------+-----
Stealth        | 2 3 4 5 6 |  6.4
Dodging        | 2 3 4 5 |  5.9
Spellcasting   | 3 4 5 6 |  6.0
Conjurations   | 5 6 7 |  7.4

Action                     |  1- 3 |  4- 6 |  7- 9 || total
---------------------------+-------+-------+-------++-------
  Melee: Unarmed           |     2 |       |       ||     2
         Staff             |    10 |    66 |     2 ||    78
         Tailslap          |     1 |     6 |       ||     7
   Cast: Magic Dart        |    68 |   111 |   144 ||   323
         Searing Ray       |       |     8 |    15 ||    23
Ability: Breathe Lightning |       |       |     5 ||     5
 Armour: Skin              |    17 |    88 |    64 ||   169
  Dodge: Dodged            |     7 |    59 |    59 ||   125

Table legend: (Time is in decaauts)
 A = Elapsed time spent in this place.
 B = Non-inter-level travel time spent in this place.
 C = Inter-level travel time spent in this place.
 D = Time resting spent in this place.
 E = Time spent auto-exploring this place.
 F = Levels seen in this place.
 G = Mean time per level.
                   A        B        C        D        E       F      G
               +--------+--------+--------+--------+--------+-----+--------+
         Total |   8069 |   7656 |    413 |    374 |   6259 |   8 | 1008.6 |
       Dungeon |   7904 |   7611 |    293 |    374 |   6259 |   7 | 1129.1 |
        Temple |    165 |     45 |    120 |      0 |      0 |   1 |  165.0 |
               +--------+--------+--------+--------+--------+-----+--------+

Top non-repeatable levels by time:
     D:3: 1857 daAuts
     D:5: 1528 daAuts
     D:1: 1228 daAuts
     D:2: 900 daAuts
     D:7: 871 daAuts
     D:6: 783 daAuts
     D:4: 734 daAuts
  Temple: 165 daAuts
